 Dungeon Sprint DCSS version bcrawl-1.21.3 (webtiles) character file.

Game seed: 12592919910998625902

47940 Darkdwarf the Timeless (level 14, -22/124 HPs)
             Began as an Oni Fighter on Mar 25, 2020.
             Was a High Priest of Cheibriados.
             Killed from afar by a shadow dragon (38 damage)
             ... with a bolt of negative energy
             ... in the Dungeon (Sprint IX: "|||||||||||||||||||||||||||||").
             The game lasted 00:10:23 (4156 turns).

Darkdwarf the Timeless (Oni Fighter)                Turns: 4156, Time: 00:10:23

Health: -22/124    AC: 23    Str: 33      XL:     14   Next: 44%
Magic:  1/32       EV:  8    Int: 24 (27) God:    Cheibriados [*****.]
Gold:   687        SH: 24    Dex: 27      Spells: 30/36 levels left

rFire    . . .     SeeInvis .   a - +0 flail
rCold    + . .     Gourm    .   L - +1 large shield
rNeg     . . .     Faith    .   K - +2 plate armour {rC+}
rPois    +         Spirit   .   (helmet restricted)
rElec    .         Reflect  +   c - +0 cloak
rCorr    .         Harm     .   J - +1 pair of gloves
MR       +....     NoTele   +   I - +1 pair of boots {Fly}
Stlth    ..........             F - +2 amulet of reflection
HPRegen  0.30/turn              D - ring of wizardry
MPRegen  0.23/turn              E - ring of poison resistance

@: flying, very slightly contaminated, heavily drained, very slow
A: oni magic, claws 1, fangs 1, horns 1
a: Bend Time, Temporal Distortion, Slouch, Step From Time, Renounce Religion,
Stop Flying


You were in the Dungeon.
You worshipped Cheibriados.
Cheibriados was extremely pleased with you.
You were not hungry.

You visited 1 branch You collected 1922 gold pieces.
You spent 1235 gold pieces at shops.

Inventory:

Hand Weapons
 a - a +0 flail (weapon)
 p - a +2 dire flail of protection
Missiles
 q - a throwing net (quivered) {!f}
Armour
 c - a +0 cloak (worn)
 I - a +1 pair of boots of flying (worn)
 J - a +1 pair of gloves (worn)
 K - a +2 plate armour of cold resistance (worn)
 L - a +1 large shield (worn)
Magical Staves
 w - an uncursed staff of air
Jewellery
 D - a ring of wizardry (left hand)
 E - a ring of poison resistance (right hand)
 F - a +2 amulet of reflection (around neck)
Scrolls
 k - 3 scrolls of blinking
 m - 4 scrolls of remove curse
 n - 2 scrolls of amnesia
 x - 2 scrolls of fear
 y - 2 scrolls of enchant armour
 z - 6 scrolls of enchant weapon
 B - 3 scrolls of identify
Potions
 b - 3 potions of brilliance
 d - 3 potions of might
 f - 10 potions of curing
 g - 2 potions of heal wounds
 h - a potion of haste
 i - 3 potions of magic
 j - 2 potions of berserk rage
 l - a potion of invisibility
 o - a potion of mutation
 v - a potion of resistance
 A - a potion of flight {unknown}
 C - a potion of experience
 G - a potion of agility
Comestibles
 e - 10 rations {!d}


   Skills:
 + Level 11.5(8.9) Fighting
 + Level 14.8(12.0) Maces & Flails
 * Level 13.1(10.4) Armour
 + Level 5.7(3.5) Dodging
 + Level 13.0(10.3) Shields
 * Level 11.5(8.9) Spellcasting
   Level 11.5(8.9) Conjurations
   Level 11.5(8.9) Hexes
   Level 11.5(8.9) Charms
   Level 11.5(8.9) Summonings
   Level 11.5(8.9) Necromancy
   Level 11.5(8.9) Translocations
   Level 11.5(8.9) Transmutations
   Level 11.5(8.9) Fire Magic
   Level 11.5(8.9) Ice Magic
   Level 11.5(8.9) Air Magic
   Level 11.5(8.9) Earth Magic
   Level 11.5(8.9) Poison Magic
 + Level 25.8(22.3) Invocations


You had 30 spell levels left.
You knew the following spells:

 Your Spells              Type           Power        Failure   Level  Hunger
a - Summon Hydra          Summ           ######....   89%         6    ######.

Your spell library contained the following spells:

 Spells                   Type           Power        Failure   Level  Hunger
 Freeze                   Ice            ######       1%          1    None
 Searing Ray              Conj           ######..     2%          2    None
 Passwall                 Tmut/Erth      ######..     4%          2    None
 Teleport Other           Tloc           ######..     4%          3    None
 Fulminant Prism          Conj/Hex       ######....   24%         4    ##.....
 Iskenderun's Battlesphe  Conj/Chrm      ######..     52%         5    ####...


Dungeon Overview and Level Annotations

Branches:
Dungeon (1/1)

Altars:
Cheibriados
Dithmenos
Elyvilon
Fedhas
Gozag
Hepliaklqana
Kikubaaqudgha
Lugonu
Makhleb
Nemelex Xobeh
Okawaru
Qazlal
Ru
Sif Muna
Trog
Uskayaw
Vehumet
Wu Jian
Xom
Yredelemnul
Zin
The Shining One
Beogh
Jiyva

Shops:
D =(!}


Innate Abilities, Weirdness & Mutations

You learn spells by gaining experience, not through books or religion.
You only train spellcasting to practice magic.
You have sharp fingernails.
You have very sharp teeth.
You have a pair of small horns on your head.


Message History

Your six-headed hydra bites the shadow dragon but does no damage. x4
Your six-headed hydra bites the shadow dragon!
The glowing orange brain pulsates.
Something tries to feed on your intellect!
The shadow dragon bites your six-headed hydra!
The shadow dragon claws your six-headed hydra!
The shadow dragon claws one of your six-headed hydra's heads off!
Your five-headed hydra grows two more!
The shadow dragon claws your seven-headed hydra!
Your seven-headed hydra bites the shadow dragon!
Your seven-headed hydra closely misses the shadow dragon.
Your seven-headed hydra bites the shadow dragon! x2
Your seven-headed hydra bites the shadow dragon but does no damage. x3
The shadow dragon bites your seven-headed hydra!!
Your seven-headed hydra dies!
Your seven-headed hydra's corpse disappears in a puff of smoke!
No path to travel!
The shadow dragon breathes negative energy at you.
You feel drained. The bolt of negative energy hits you!!!
You die...

.▓.▓.▓.▓.▓.▓.▓.▓.▓
.▓.▓.▓.▓.▓.▓.▓.▓.▓
.▓.▓.▓.▓.▓.▓.▓.▓.▓
'▓.▓.▓.▓.▓.▓.▓.▓.▓
.▓)▓.▓.▓.▓.▓.▓.▓.▓
.▓.▓.▓.▓'▓.▓.▓.▓.▓
.▓.▓.▓.▓.▓.▓.▓.▓.▓
.▓.▓.▓.▓.▓.▓.▓.▓.▓
.▓.▓.▓.▓=▓.▓.▓.▓@▓
(▓.▓'▓.▓.▓.▓.▓.▓.▓
.▓.▓)▓.▓.▓.▓.▓.▓.▓
(▓.▓)▓.▓)▓.▓'▓)▓.▓
.▓)▓)▓.▓)▓.▓)▓.▓D▓
.▓.▓)▓.▓)▓.▓)▓.▓c▓
.▓.▓)▓.▓)▓.▓)▓.▓G▓
.▓.▓)▓.▓)▓.▓)▓.▓G▓
.▓.▓)▓.▓)▓.▓)▓.▓b▓


You could see a shadow dragon, 2 glowing orange brains and a yaktaur.

Vanquished Creatures
  A lich (D)
  Kirke (D)
  2 ghost moths (D)
  4 stone giants (D)
  2 very ugly things (D)
  A deep elf demonologist (D)
  A merfolk javelineer (D)
  An ettin (D)
  A merfolk impaler (D)
  2 fire dragons (D)
  3 hydras (D)
  An alligator (D)
  Erica (D)
  A death yak (D)
  A two-headed ogre (D)
  9 orc high priests (D)
  2 tengu warriors (D)
  Urug (D)
  Sonja (D)
  A shock serpent (D)
  A salamander mystic (D)
  A sea snake (D)
  A swamp dragon (D)
  A cyclops (D)
  4 wolf spiders (D)
  3 orc knights (D)
  A necromancer (D)
  An ugly thing (D)
  A merfolk siren (D)
  An elephant (D)
  2 guardian serpents (D)
  4 cane toads (D)
  Maurice (D)
  2 naga magi (D)
  Joseph (D)
  2 black mambas (D)
  A gargoyle (D)
  A yaktaur (D)
  An efreet (D)
  A tyrant leech (D)
  A tengu conjurer (D)
  3 merfolk (D)
  A jumping spider (D)
  2 wind drakes (D)
  2 blink frogs (D)
  A slime creature (D)
  A hornet (D)
  A spriggan (D)
  A redback (D)
  A shadow (D)
  3 yaks (D)
  A tarantella (D)
  Grum (D)
  A basilisk (D)
  2 hogs (D)
  A hog (shapeshifter) (D)
  3 vampire mosquitoes (D)
  2 acid dragons (D)
  A naga (D)
  3 crocodiles (D)
  3 water moccasins (D)
  A swamp drake (D)
  2 porcupines (D)
  9 orc warriors (D)
  A wolf (D)
  A phantom (D)
  4 bullfrogs (D)
  A crimson imp (D)
  2 quasits (D)
  A jelly (D)
  4 orc wizards (D)
  7 orc priests (D)
  2 dart slugs (D)
  A leopard gecko (D)
  9 orcs (D)
  A bat skeleton (D)
  A goblin (D)
  A hobgoblin (D)
  A jackal (D)
  A quokka (D)
  A bat (D)
  A leopard gecko skeleton (D)
155 creatures vanquished.

Vanquished Creatures (others)
  A human (D)
1 creature vanquished.

Grand Total: 156 creatures vanquished

Notes
Turn   | Place    | Note
-------+----------+-------------------------------------------
     0 | D        | Darkdwarf the Oni Fighter began the quest for the Orb.
     0 | D        | Reached XP level 1. HP: 19/19 MP: 3/3
    13 | D        | Reached XP level 2. HP: 24/26 MP: 3/5
    40 | D        | Noticed a crimson imp
    42 | D        | Reached skill level 1 in Spellcasting
    65 | D        | Killed a crimson imp
    65 | D        | Reached XP level 3. HP: 20/33 MP: 5/7
    71 | D        | Found a roughly hewn altar of Beogh.
    71 | D        | Found a snail-covered altar of Cheibriados.
    71 | D        | Found a shadowy altar of Dithmenos.
    71 | D        | Found a white marble altar of Elyvilon.
    71 | D        | Found a blossoming altar of Fedhas.
    71 | D        | Found an opulent altar of Gozag.
    72 | D        | Found a hazy altar of Hepliaklqana.
    73 | D        | Found a viscous altar of Jiyva.
    74 | D        | Found an ancient bone altar of Kikubaaqudgha.
    75 | D        | Became a worshipper of Cheibriados the Contemplative
    76 | D        | Found a corrupted altar of Lugonu.
    77 | D        | Found a burning altar of Makhleb.
    78 | D        | Found a sparkling altar of Nemelex Xobeh.
    79 | D        | Found an iron altar of Okawaru.
    80 | D        | Found a stormy altar of Qazlal.
    81 | D        | Found a sacrificial altar of Ru.
    82 | D        | Found a shimmering blue altar of Sif Muna.
    83 | D        | Found a bloodstained altar of Trog.
    84 | D        | Found a hide-covered altar of Uskayaw.
    85 | D        | Found a radiant altar of Vehumet.
    86 | D        | Found an ornate altar of the Wu Jian Council.
    87 | D        | Found a shimmering altar of Xom.
    88 | D        | Found a basalt altar of Yredelemnul.
    89 | D        | Found a glowing silver altar of Zin.
    90 | D        | Found a glowing golden altar of the Shining One.
   165 | D        | Noticed a phantom
   165 | D        | Noticed a gargoyle
   165 | D        | Noticed a yak
   165 | D        | Noticed a cyclops
   170 | D        | Killed a gargoyle
   170 | D        | Reached skill level 5 in Maces & Flails
   170 | D        | Reached skill level 1 in Dodging
   170 | D        | Reached skill level 5 in Invocations
   170 | D        | Reached XP level 4. HP: 43/44 MP: 7/11
   170 | D        | Reached XP level 5. HP: 49/50 MP: 7/12
   170 | D        | Reached XP level 6. HP: 56/57 MP: 7/13
   174 | D        | Killed a yak
   174 | D        | Reached skill level 6 in Invocations
   174 | D        | Reached XP level 7. HP: 58/64 MP: 7/15
   189 | D        | Reached * piety under Cheibriados
   191 | D        | Killed a cyclops
   191 | D        | Reached skill level 7 in Invocations
   191 | D        | Reached XP level 8. HP: 33/73 MP: 10/17
   195 | D        | Reached skill level 5 in Spellcasting
   393 | D        | Noticed a green ugly thing
   393 | D        | Noticed a tengu conjurer
   393 | D        | Noticed a slime creature
   397 | D        | Reached ** piety under Cheibriados
   397 | D        | Reached skill level 8 in Invocations
   398 | D        | Killed a tengu conjurer
   400 | D        | Killed a green ugly thing
   400 | D        | Reached skill level 9 in Invocations
   400 | D        | Reached XP level 9. HP: 46/81 MP: 17/19
   410 | D        | Reached *** piety under Cheibriados
   772 | D        | Noticed a cane toad
   772 | D        | Noticed a seven-headed hydra
   776 | D        | Noticed an elephant
   778 | D        | Killed a cane toad
   778 | D        | Reached **** piety under Cheibriados
   778 | D        | Reached skill level 10 in Maces & Flails
   779 | D        | Reached ***** piety under Cheibriados
   780 | D        | Reached skill level 10 in Invocations
   782 | D        | Killed a seven-headed hydra
   782 | D        | Reached XP level 10. HP: 29/89 MP: 4/22
   788 | D        | Killed an elephant
  1132 | D        | Noticed a cane toad
  1132 | D        | Noticed a death yak
  1133 | D        | Reached skill level 11 in Invocations
  1135 | D        | Killed a cane toad
  1135 | D        | Reached skill level 10 in Armour
  1143 | D        | Killed a death yak
  1143 | D        | Reached skill level 12 in Invocations
  1313 | D        | Noticed a cane toad
  1319 | D        | Killed a cane toad
  1319 | D        | Reached skill level 13 in Invocations
  1319 | D        | Reached ****** piety under Cheibriados
  1328 | D        | Reached XP level 11. HP: 64/95 MP: 15/24
  1463 | D        | Noticed Grum
  1463 | D        | Noticed Erica
  1469 | D        | Killed Grum
  1474 | D        | Killed Erica
  1474 | D        | Reached skill level 14 in Invocations
  1622 | D        | Noticed Joseph
  1631 | D        | Killed Joseph
  1691 | D        | Noticed Sonja
  1692 | D        | Killed Sonja
  1692 | D        | Reached skill level 15 in Invocations
  1912 | D        | Noticed an orc knight
  1914 | D        | Noticed an orc knight
  1923 | D        | Killed an orc knight
  1923 | D        | Reached skill level 16 in Invocations
  1930 | D        | Killed an orc knight
  2006 | D        | Found Adwan's Jewellery Emporium.
  2006 | D        | Noticed an orc high priest
  2006 | D        | Noticed an orc high priest
  2006 | D        | Noticed an orc high priest
  2006 | D        | Noticed an orc high priest
  2014 | D        | Killed an orc high priest
  2014 | D        | Reached skill level 17 in Invocations
  2014 | D        | Killed an orc high priest
  2014 | D        | Reached skill level 10 in Shields
  2014 | D        | Killed an orc high priest
  2015 | D        | Killed an orc high priest
  2015 | D        | Reached skill level 18 in Invocations
  2017 | D        | Found Pumin's Antique Weapon Shoppe.
  2018 | D        | Noticed an orc high priest
  2019 | D        | Found Idduad's Distillery.
  2020 | D        | Noticed an orc high priest
  2027 | D        | Noticed an orc high priest
  2028 | D        | Noticed an orc high priest
  2031 | D        | Killed an orc high priest
  2031 | D        | Reached XP level 12. HP: 67/105 MP: 5/27
  2033 | D        | Killed an orc high priest
  2034 | D        | Found Siwneir's Gadget Shoppe.
  2041 | D        | Noticed an orc high priest
  2049 | D        | Killed an orc high priest
  2049 | D        | Reached skill level 19 in Invocations
  2057 | D        | Killed an orc high priest
  2061 | D        | Killed an orc high priest
  2395 | D        | Bought a potion of experience for 500 gold pieces
  2399 | D        | Bought an uncursed ring of wizardry for 300 gold pieces
  2399 | D        | Bought an uncursed ring of poison resistance for 200 gold
                  | pieces
  2399 | D        | Bought a +2 amulet of reflection for 75 gold pieces
  2405 | D        | Bought a potion of curing for 30 gold pieces
  2405 | D        | Bought a potion of curing for 30 gold pieces
  2405 | D        | Bought 2 potions of curing for 60 gold pieces
  2405 | D        | Bought a potion of agility for 40 gold pieces
  2459 | D        | Noticed Urug
  2475 | D        | Killed Urug
  2822 | D        | Noticed a tengu warrior
  2823 | D        | Noticed a two-headed ogre
  2827 | D        | Reached skill level 20 in Invocations
  2830 | D        | Killed a tengu warrior
  2830 | D        | Killed a two-headed ogre
  2832 | D        | Noticed a fire dragon
  2832 | D        | Noticed a stone giant
  2834 | D        | Noticed a stone giant
  2834 | D        | Noticed a tengu warrior
  2842 | D        | Killed a fire dragon
  2847 | D        | Noticed a green very ugly thing
  2853 | D        | Killed a stone giant
  2853 | D        | Reached skill level 10 in Fighting
  2853 | D        | Reached skill level 21 in Invocations
  2861 | D        | Noticed a stone giant
  2862 | D        | Killed a stone giant
  2865 | D        | Killed a tengu warrior
  2871 | D        | Killed a green very ugly thing
  2871 | D        | Reached skill level 22 in Invocations
  2871 | D        | Reached XP level 13. HP: 58/113 MP: 1/30
  2886 | D        | Killed a stone giant
  2886 | D        | Reached skill level 5 in Dodging
  3251 | D        | Noticed a merfolk impaler
  3256 | D        | Noticed a merfolk javelineer
  3260 | D        | Reached skill level 10 in Spellcasting
  3261 | D        | Killed a merfolk impaler
  3267 | D        | Killed a merfolk javelineer
  3415 | D        | Reached skill level 23 in Invocations
  3638 | D        | Reached skill level 24 in Invocations
  3806 | D        | Killed a ghost moth
  3811 | D        | Killed a ghost moth
  3811 | D        | Reached XP level 14. HP: 102/124 MP: 0/32
  3951 | D        | Learned a level 6 spell: Summon Hydra
  4005 | D        | Noticed Kirke
  4007 | D        | Reached skill level 25 in Invocations
  4018 | D        | Killed Kirke
  4065 | D        | Noticed Maurice
  4067 | D        | Killed Maurice
  4111 | D        | Noticed a stone giant
  4111 | D        | Noticed a lich
  4111 | D        | Noticed a purple very ugly thing
  4118 | D        | Noticed a deep elf demonologist
  4121 | D        | Killed a lich
  4121 | D        | Noticed a balrug
  4124 | D        | Killed a stone giant
  4126 | D        | Killed a purple very ugly thing
  4126 | D        | Killed a deep elf demonologist
  4140 | D        | Noticed a shadow dragon
  4156 | D        | Killed from afar by a shadow dragon

Skill      XL: |  1  2  3  4  5  6  7  8  9 10 11 12 13 14 |
---------------+-------------------------------------------+-----
Armour         | 3 4 6 7 8 9 10 11 12 13 | 13.1
Shields        | 3 4 6 7 8 9 10 12 13 | 13.0
Spellcasting   | 1 3 4 5 6 7 8 9 10 11 | 11.5
Fighting       | 4 6 7 8 9 10 11 | 11.5
Maces & Flails | 3 5 6 8 9 11 12 13 14 | 14.8
Dodging        | 1 2 3 4 5 |  5.7
Invocations    | 5 6 7 9 10 13 18 22 24 25 | 25.8
Conjurations   | | 11.5
Hexes          | | 11.5
Charms         | | 11.5
Summonings     | | 11.5
Necromancy     | | 11.5
Translocations | | 11.5
Transmutations | | 11.5
Fire Magic     | | 11.5
Ice Magic      | | 11.5
Air Magic      | | 11.5
Earth Magic    | | 11.5
Poison Magic   | | 11.5

Action                   |  1- 3 |  4- 6 |  7- 9 | 10-12 | 13-15 || total
-------------------------+-------+-------+-------+-------+-------++-------
Melee: Flail             |    33 |     3 |    43 |   135 |    82 ||   296
       Headbutt          |     7 |     1 |    15 |    47 |    34 ||   104
       Bite              |       |       |     6 |    36 |    17 ||    59
       Unarmed           |       |       |       |       |     7 ||     7
 Cast: Summon Hydra      |       |       |       |       |     1 ||     1
Invok: Slouch            |       |       |     3 |    36 |    26 ||    65
       Bend Time         |       |       |       |     1 |       ||     1
Evoke: Wand              |     1 |     1 |     8 |       |       ||    10
  Use: Potion            |       |       |       |     1 |     2 ||     3
  Eat: Chunk             |       |       |       |     6 |     5 ||    11
       Ration            |       |       |       |       |     1 ||     1
Armor: Scale mail        |     9 |       |    20 |    14 |       ||    43
       Plate armour      |       |       |       |     7 |    51 ||    58
Dodge: Dodged            |     9 |     1 |    18 |    28 |    18 ||    74
Block: Medium shield     |    10 |     3 |    25 |    55 |       ||    93
       Large shield      |       |       |       |    31 |    94 ||   125
       Reflection        |       |       |       |     3 |       ||     3
